AoeStats
← schmeno

Arena

511098438Analyzed
3v3 RM · 10d ago on Oct 3, 2026· 42m 27s· 6 players
Game mode
Random Map
Map size
Normal (6 player)
Population
200
Speed
Normal
Resources
Standard
Victory
Conquest
Starting age
Dark Age
Ending age
Imperial Age
RankedLock teamsTeams togetherTeam positionsShared explorationLock speedFull tech treeHidden civsTurbo modeCheats
Victory
Defeat
🇺🇸 Danes · United States
1273
+14
🇺🇸 Saxons · United States
1125
+20
🇺🇸 Varangians · United States
937
+27
vs
🇨🇿 Goths · Czechia
1227
-20
🇩🇪 Britons · Germany
1227
-21
🇹🇼 Aztecs · Taiwan
1218
-20
Smooky
10:40 Feudal Age
15:41 Castle Age
16:30 Loom
17:21 Wheelbarrow
16:50 Double-Bit Axe
16:47 Horse Collar
22:33 Bow Saw
24:24 Gold Mining
25:27 Heavy Plow
29:27 Imperial Age
27:25 Squires
27:30 Scale Mail Armor
27:40 Forging
27:11 Pikeman
28:27 Hand Cart
29:05 Anarchy
29:33 Chain Mail Armor
30:02 Stone Mining
30:53 Iron Casting
30:48 Conscription
30:01 Capped Ram
32:35 Elite Huskarl
32:41 Halberdier
35:04 Blast Furnace
35:43 Perfusion
40:10 Crop Rotation
洗勒烤喔
10:51 Feudal Age
11:30 Double-Bit Axe
12:08 Loom
14:48 Castle Age
13:18 Horse Collar
15:55 Town Watch
17:54 Bow Saw
20:34 Sanctity
20:28 Fervor
23:53 Wheelbarrow
24:06 Heavy Plow
26:04 Hand Cart
29:29 Imperial Age
27:40 Gold Mining
29:01 Forging
28:53 Scale Mail Armor
30:35 Iron Casting
30:42 Conscription
30:43 Garland Wars
30:11 Treadmill Crane
30:27 Murder Holes
30:52 Chain Mail Armor
31:20 Elite Jaguar Warrior
34:03 Blast Furnace
33:34 Plate Mail Armor
36:07 Chemistry
35:28 Ballistics
BumBachi
11:03 Feudal Age
15:34 Castle Age
13:28 Double-Bit Axe
13:35 Horse Collar
14:57 Gold Mining
16:17 Stone Mining
17:00 Heavy Plow
17:23 Bow Saw
18:44 Heavy Plow
21:30 Gold Shaft Mining
20:59 Loom
22:41 Ballistics
22:14 Fletching
24:52 Bodkin Arrow
28:40 Imperial Age
25:50 Crossbowman
27:03 Town Watch
27:54 Wheelbarrow
27:05 Loom
27:28 Padded Archer Armor
27:16 Treadmill Crane
29:15 Leather Archer Armor
29:41 Arbalester
31:57 Chemistry
33:11 Bracer
36:53 Guilds
37:28 Ring Archer Armor
39:52 Hand Cart
39:40 Town Patrol
Deputy Dong
10:31 Feudal Age
11:52 Double-Bit Axe
14:29 Castle Age
12:29 Horse Collar
16:55 Bow Saw
19:30 Wheelbarrow
18:44 Loom
26:55 Imperial Age
24:26 Gold Mining
25:19 Ballistics
26:10 Forging
26:01 Scale Mail Armor
27:40 Iron Casting
26:50 Hamask
28:04 Chain Mail Armor
28:15 Heavy Scorpion
29:22 Conscription
30:24 Blast Furnace
30:35 Gold Shaft Mining
31:25 Chemistry
31:38 Plate Mail Armor
31:48 Hand Cart
32:41 Squires
32:27 Arson
35:17 Siege Engineers
34:57 Elite Jomsviking
38:03 Fletching
38:46 Bodkin Arrow
39:27 Bracer
Big League Chewie
11:43 Feudal Age
12:37 Arson
14:29 Wheelbarrow
13:57 Double-Bit Axe
15:18 Forging
15:14 Scale Mail Armor
15:23 Scale Barding Armor
16:18 Horse Collar
21:08 Castle Age
20:12 Stone Mining
21:34 Bloodlines
22:02 Squires
23:46 Husbandry
26:27 Gold Mining
27:13 Stone Shaft Mining
30:10 Iron Casting
29:51 Chain Mail Armor
39:12 Chain Barding Armor
schmeno
10:19 Feudal Age
14:00 Castle Age
12:14 Stone Mining
12:30 Double-Bit Axe
14:59 Bow Saw
18:28 Scale Mail Armor
18:51 Loom
20:12 Horse Collar
20:51 Gold Mining
22:38 Wheelbarrow
27:24 Imperial Age
25:56 Ballistics
25:30 Fletching
26:16 Chain Mail Armor
26:23 Ballistics
26:52 Guard Tower
26:53 Clerical Recruitment
28:00 Forging
28:15 Bodkin Arrow
29:24 Block Printing
30:01 Atonement
32:01 Plate Mail Armor
32:06 Iron Casting
43:48 Chemistry
Connection lost

Rejoining the realm…

Still unreachable

The connection could not be restored.

Session expired

The server has moved on; the page needs a fresh start.